TOP OF THE 1ST |
BlackIron Dragons batting - Pitching for Salem Silver Souls : RHP Ron Biller
|
Pitching: RHP Ron Biller
|
|
Batting: RHB Gil Palmer
|
0-0: Called Strike 0-1: Ground out 5-3 (Groundball, 5)
|
Batting: RHB José Colón
|
0-0: Swinging Strike 0-1: Called Strike 0-2: Strikes out swinging
|
Batting: RHB Leroy Jamison
|
0-0: Foul Ball, location: 2F 0-1: Foul Ball, location: 2F 0-2: Ball 1-2: Ball 2-2: Strikes out swinging
|
Top of the 1st over - 0 run(s), 0 hit(s), 0 error(s), 0 left on base; BlackIron 0 - Salem 0 |
BOTTOM OF THE 1ST |
Salem Silver Souls batting - Pitching for BlackIron Dragons : RHP Johnathan McJannett
|
Pitching: RHP Johnathan McJannett
|
|
Batting: RHB Félix García
|
0-0: Ball 1-0: Swinging Strike 1-1: Called Strike 1-2: Ball 2-2: Ball 3-2: Foul Ball, location: 2F 3-2: Foul Ball, location: 2F 3-2: Base on Balls
|
Batting: LHB Jeff Doss
|
Balk! Félix García to second 0-0: Foul Ball, location: 2F 0-1: Ball 1-1: Called Strike 1-2: Ball 2-2: Ball 3-2: DOUBLE (Line Drive, 8RS) Félix García scores
|
Batting: RHB Juan Vareas
|
0-0: Called Strike 0-1: Ball 1-1: Ball 2-1: Foul Ball, location: 2F 2-2: Foul Ball, location: 2F 2-2: TRIPLE (Line Drive, 89M) Jeff Doss scores
|
Batting: LHB Raúl Cordero
|
0-0: Foul Ball, location: 2F 0-1: Ball 1-1: Ball 2-1: Called Strike 2-2: Strikes out swinging
|
Batting: LHB Ezechiele Bruno
|
0-0: Ball 1-0: Foul Ball, location: 2F 1-1: DOUBLE (Groundball, 5L) Juan Vareas scores
|
Batting: RHB Gustavo Pagán
|
0-0: Called Strike 0-1: Foul Ball, location: 2F 0-2: Ball 1-2: DOUBLE (Line Drive, 3D) Ezechiele Bruno scores
|
Batting: RHB Jesús Gutiérrez
|
0-0: Swinging Strike 0-1: Ball 1-1: Ball 2-1: Foul Ball, location: 2F 2-2: Ground out 6-3 (Groundball, 6M) Gustavo Pagán to third
|
Batting: RHB Alejandro Martínez
|
0-0: Fly out, F6 (Popup, 6MD)
|
Bottom of the 1st over - 4 run(s), 4 hit(s), 0 error(s), 1 left on base; BlackIron 0 - Salem 4 |
TOP OF THE 2ND |
BlackIron Dragons batting - Pitching for Salem Silver Souls : RHP Ron Biller
|
Batting: RHB Boyd Pittman
|
0-0: Fly out, F7 (Flyball, 8LM)
|
Batting: RHB Edgardo Carrasco
|
0-0: Foul Ball, location: 2F 0-1: Swinging Strike 0-2: Ball 1-2: Ball 2-2: Foul Ball, location: 2F 2-2: Strikes out looking
|
Batting: RHB Joaquín Rosales
|
0-0: Ball 1-0: Ball 2-0: Foul Ball, location: 2F 2-1: Called Strike 2-2: Ball 3-2: Strikes out looking
|
Top of the 2nd over - 0 run(s), 0 hit(s), 0 error(s), 0 left on base; BlackIron 0 - Salem 4 |
BOTTOM OF THE 2ND |
Salem Silver Souls batting - Pitching for BlackIron Dragons : RHP Johnathan McJannett
|
Batting: RHB Willie Houk
|
0-0: Ball 1-0: Called Strike 1-1: Foul Ball, location: 2F 1-2: Ball 2-2: Ball 3-2: Foul Ball, location: 2F 3-2: Strikes out swinging
|
Batting: RHB Félix García
|
0-0: Foul Ball, location: 2F 0-1: Fly out, F8 (Flyball, 89M)
|
Batting: LHB Jeff Doss
|
0-0: Called Strike 0-1: Ball 1-1: Ball 2-1: SINGLE (Line Drive, 4MD)
|
Batting: RHB Juan Vareas
|
0-0: Ball 1-0: Ball 2-0: Ball 3-0: Base on Balls Jeff Doss to second
|
Batting: LHB Raúl Cordero
|
0-0: Fly out, F8 (Flyball, 89D)
|
Bottom of the 2nd over - 0 run(s), 1 hit(s), 0 error(s), 2 left on base; BlackIron 0 - Salem 4 |
TOP OF THE 3RD |
BlackIron Dragons batting - Pitching for Salem Silver Souls : RHP Ron Biller
|
Batting: SHB Rick Turner
|
0-0: Ball 1-0: Ground out 6-3 (Groundball, 6)
|
Batting: LHB Culley Vaughan
|
0-0: Ball 1-0: Ball 2-0: Called Strike 2-1: Called Strike 2-2: Ball 3-2: Strikes out swinging
|
Batting: RHB Alfredo Rangel
|
0-0: Foul Ball, location: 2F 0-1: Ball 1-1: Swinging Strike 1-2: Ball 2-2: Foul Ball, location: 2F 2-2: Strikes out looking
|
Top of the 3rd over - 0 run(s), 0 hit(s), 0 error(s), 0 left on base; BlackIron 0 - Salem 4 |
BOTTOM OF THE 3RD |
Salem Silver Souls batting - Pitching for BlackIron Dragons : RHP Johnathan McJannett
|
Batting: LHB Ezechiele Bruno
|
0-0: Ball 1-0: Called Strike 1-1: Foul Ball, location: 2F 1-2: Ground out 6-3 (Groundball, 6)
|
Batting: RHB Gustavo Pagán
|
0-0: Ball 1-0: Swinging Strike 1-1: Ball 2-1: Foul Ball, location: 2F 2-2: Ball 3-2: Strikes out swinging
|
Batting: RHB Jesús Gutiérrez
|
0-0: Ball 1-0: Ball 2-0: Ball 3-0: Base on Balls
|
Batting: RHB Alejandro Martínez
|
0-0: Ball 1-0: Ball 2-0: Foul Ball, location: 2F 2-1: Called Strike Jesús Gutiérrez is caught stealing 2nd base
|
Bottom of the 3rd over - 0 run(s), 0 hit(s), 0 error(s), 0 left on base; BlackIron 0 - Salem 4 |
TOP OF THE 4TH |
BlackIron Dragons batting - Pitching for Salem Silver Souls : RHP Ron Biller
|
Batting: RHB Gil Palmer
|
0-0: Called Strike 0-1: Called Strike 0-2: Strikes out swinging
|
Batting: RHB José Colón
|
0-0: Ball 1-0: Ground out 5-3 (Groundball, 56)
|
Batting: RHB Leroy Jamison
|
0-0: Ball 1-0: Ball 2-0: Foul Ball, location: 2F 2-1: Called Strike 2-2: Ball 3-2: Base on Balls
|
Batting: RHB Boyd Pittman
|
0-0: Ball 1-0: Called Strike 1-1: Called Strike Leroy Jamison is caught stealing 2nd base
|
Top of the 4th over - 0 run(s), 0 hit(s), 0 error(s), 0 left on base; BlackIron 0 - Salem 4 |
BOTTOM OF THE 4TH |
Salem Silver Souls batting - Pitching for BlackIron Dragons : RHP Johnathan McJannett
|
Batting: RHB Alejandro Martínez
|
0-0: Ground out 6-3 (Groundball, 6M)
|
Batting: RHB Willie Houk
|
0-0: Called Strike 0-1: Ground out 6-3 (Groundball, 6M)
|
Batting: RHB Félix García
|
0-0: Ball 1-0: Called Strike 1-1: Ball 2-1: Foul Ball, location: 2F 2-2: Foul Ball, location: 2F 2-2: Ball 3-2: Foul Ball, location: 2F 3-2: Base on Balls
|
Batting: LHB Jeff Doss
|
0-0: Called Strike 0-1: Ball 1-1: Called Strike 1-2: Ground out 4-3 (Groundball, 34)
|
Bottom of the 4th over - 0 run(s), 0 hit(s), 0 error(s), 1 left on base; BlackIron 0 - Salem 4 |
TOP OF THE 5TH |
BlackIron Dragons batting - Pitching for Salem Silver Souls : RHP Ron Biller
|
Batting: RHB Boyd Pittman
|
0-0: Ball 1-0: DOUBLE (Line Drive, 3D)
|
Batting: RHB Edgardo Carrasco
|
0-0: Foul Ball, location: 2F 0-1: Ball 1-1: Foul Ball, location: 2F 1-2: Ball 2-2: Ball 3-2: Foul Ball, location: 2F 3-2: Ground out 6-3 (Groundball, 6) Boyd Pittman to third
|
Batting: RHB Joaquín Rosales
|
0-0: Ball 1-0: Swinging Strike 1-1: Ball 2-1: Foul Ball, location: 2F 2-2: Strikes out swinging
|
Batting: SHB Rick Turner
|
0-0: Foul Ball, location: 2F 0-1: Swinging Strike 0-2: Strikes out swinging
|
Top of the 5th over - 0 run(s), 1 hit(s), 0 error(s), 1 left on base; BlackIron 0 - Salem 4 |
BOTTOM OF THE 5TH |
Salem Silver Souls batting - Pitching for BlackIron Dragons : RHP Johnathan McJannett
|
Batting: RHB Juan Vareas
|
0-0: Ball 1-0: Called Strike 1-1: Ball 2-1: Foul Ball, location: 2F 2-2: Ground out 6-3 (Groundball, 6)
|
Batting: LHB Raúl Cordero
|
0-0: Ball 1-0: Called Strike 1-1: Ball 2-1: Called Strike 2-2: Foul Ball, location: 2F 2-2: Foul Ball, location: 2F 2-2: Foul Ball, location: 2F 2-2: Foul Ball, location: 2F 2-2: Ball 3-2: Foul Ball, location: 2F 3-2: Base on Balls
|
Pitching: LHP Frederick Cesti
|
|
Batting: LHB Ezechiele Bruno
|
0-0: Called Strike 0-1: Called Strike 0-2: Ball 1-2: Strikes out swinging
|
Batting: RHB Gustavo Pagán
|
0-0: Ball 1-0: Foul Ball, location: 2F 1-1: Swinging Strike 1-2: Strikes out swinging
|
Bottom of the 5th over - 0 run(s), 0 hit(s), 0 error(s), 1 left on base; BlackIron 0 - Salem 4 |
TOP OF THE 6TH |
BlackIron Dragons batting - Pitching for Salem Silver Souls : RHP Ron Biller
|
Batting: LHB Culley Vaughan
|
0-0: Ball 1-0: SINGLE (Groundball, 6MD) (infield hit)
|
Batting: RHB Alfredo Rangel
|
0-0: Ball 1-0: Ball 2-0: Called Strike 2-1: Ball 3-1: Foul Ball, location: 2F 3-2: Strikes out swinging
|
Batting: RHB Gil Palmer
|
0-0: Called Strike 0-1: Ball 1-1: Called Strike 1-2: Strikes out swinging
|
Batting: RHB José Colón
|
0-0: Ball 1-0: Ball 2-0: Ball 3-0: Called Strike 3-1: Called Strike 3-2: Foul Ball, location: 2F 3-2: Ground out 6-3 (Groundball, 6M)
|
Top of the 6th over - 0 run(s), 1 hit(s), 0 error(s), 1 left on base; BlackIron 0 - Salem 4 |
BOTTOM OF THE 6TH |
Salem Silver Souls batting - Pitching for BlackIron Dragons : LHP Frederick Cesti
|
Batting: RHB Jesús Gutiérrez
|
0-0: Called Strike 0-1: Ball 1-1: SINGLE (Line Drive, 34)
|
Batting: RHB Alejandro Martínez
|
0-0: Fly out, F8 (Flyball, 8LM)
|
Batting: RHB Willie Houk
|
0-0: Ball 1-0: Grounds into double play, 6-4-3 (Groundball, 6)
|
Bottom of the 6th over - 0 run(s), 1 hit(s), 0 error(s), 0 left on base; BlackIron 0 - Salem 4 |
TOP OF THE 7TH |
BlackIron Dragons batting - Pitching for Salem Silver Souls : RHP Ron Biller
|
Batting: RHB Leroy Jamison
|
0-0: Ball 1-0: Ground out 4-3 (Groundball, 4)
|
Batting: RHB Boyd Pittman
|
0-0: Ball 1-0: Ball 2-0: Fly out, F9 (Flyball, 89S)
|
Batting: RHB Edgardo Carrasco
|
0-0: Called Strike 0-1: Called Strike 0-2: SINGLE (Groundball, 5L)
|
Pitching: RHP Javier Valenzuela
|
|
Batting: RHB Joaquín Rosales
|
0-0: Foul Ball, location: 2F 0-1: Swinging Strike 0-2: Ball 1-2: Strikes out swinging
|
Top of the 7th over - 0 run(s), 1 hit(s), 0 error(s), 1 left on base; BlackIron 0 - Salem 4 |
BOTTOM OF THE 7TH |
Salem Silver Souls batting - Pitching for BlackIron Dragons : LHP Frederick Cesti
|
Batting: RHB Félix García
|
0-0: Called Strike 0-1: Ball 1-1: Foul Ball, location: 2F 1-2: Ball 2-2: Ground out 5-3 (Groundball, 5)
|
Batting: LHB Jeff Doss
|
0-0: Called Strike 0-1: Swinging Strike 0-2: Ball 1-2: Foul Ball, location: 2F 1-2: Strikes out looking
|
Batting: RHB Juan Vareas
|
0-0: Ball 1-0: Called Strike 1-1: Ball 2-1: Fly out, F4 (Popup, 4MD)
|
Bottom of the 7th over - 0 run(s), 0 hit(s), 0 error(s), 0 left on base; BlackIron 0 - Salem 4 |
TOP OF THE 8TH |
BlackIron Dragons batting - Pitching for Salem Silver Souls : RHP Javier Valenzuela
|
Batting: SHB Rick Turner
|
0-0: Ball 1-0: Foul Ball, location: 2F 1-1: Fly out, F7 (Flyball, 78D)
|
Batting: LHB Culley Vaughan
|
0-0: Ball 1-0: Called Strike 1-1: Swinging Strike 1-2: Foul Ball, location: 2F 1-2: Strikes out looking
|
Batting: RHB Alfredo Rangel
|
0-0: Called Strike 0-1: Ball 1-1: Ball 2-1: Fly out, F9 (Flyball, 9LM)
|
Top of the 8th over - 0 run(s), 0 hit(s), 0 error(s), 0 left on base; BlackIron 0 - Salem 4 |
BOTTOM OF THE 8TH |
Salem Silver Souls batting - Pitching for BlackIron Dragons : LHP Frederick Cesti
|
Batting: LHB Raúl Cordero
|
0-0: Ball 1-0: Ball 2-0: Swinging Strike 2-1: Foul Ball, location: 2F 2-2: Ball 3-2: Fly out, F7 (Flyball, 7LD)
|
Batting: LHB Ezechiele Bruno
|
0-0: Ball 1-0: Swinging Strike 1-1: Ball 2-1: Foul Ball, location: 2F 2-2: Strikes out swinging
|
Pitching: RHP António García
|
|
Batting: RHB Gustavo Pagán
|
0-0: Fly out, F5 (Line Drive, 5S)
|
Bottom of the 8th over - 0 run(s), 0 hit(s), 0 error(s), 0 left on base; BlackIron 0 - Salem 4 |
TOP OF THE 9TH |
BlackIron Dragons batting - Pitching for Salem Silver Souls : RHP Javier Valenzuela
|
Batting: RHB Gil Palmer
|
0-0: Called Strike 0-1: Called Strike 0-2: Ball 1-2: Foul Ball, location: 2F 1-2: Foul Ball, location: 2F 1-2: Ball 2-2: Ball 3-2: Fly out, F8 (Flyball, 8LD)
|
Batting: RHB José Colón
|
0-0: Ball 1-0: Called Strike 1-1: Ball 2-1: Ball 3-1: Base on Balls
|
Batting: RHB Leroy Jamison
|
0-0: Ball 1-0: Called Strike 1-1: Swinging Strike 1-2: Foul Ball, location: 2F 1-2: Strikes out swinging
|
Batting: RHB Boyd Pittman
|
0-0: Ball 1-0: Swinging Strike 1-1: Foul Ball, location: 2F 1-2: Ball 2-2: Foul Ball, location: 2F 2-2: Fly out, F6 (Popup, 6)
|
Top of the 9th over - 0 run(s), 0 hit(s), 0 error(s), 1 left on base; BlackIron 0 - Salem 4 |
|